 Dungeon Crawl Stone Soup version 0.17.0-24-gcfadda4 (webtiles) character file.

35 M4edhros the Charlatan (level 3, 0/23 HPs)
             Began as an Octopode Artificer on Nov 17, 2015.
             Slain by a kobold
             ... wielding a +0 dagger
              (3 damage)
             ... on level 2 of the Dungeon.
             The game lasted 00:01:21 (1623 turns).

M4edhros the Charlatan (Octopode Artificer)         Turns: 1623, Time: 00:01:21

Health: 0/23       AC:  1    Str: 10    XL:     3   Next: 35%
Magic:  15/15      EV: 15    Int: 14    God:
Gold:   53         SH:  7    Dex: 18    Spells: 0 memorised, 2 levels left

rFire  . . .     SeeInvis .     a - +0 short sword
rCold  + . .     Clarity  .     m - +0 shield
rNeg   . . .     SustAt   .     (helmet restricted)
rPois  .         Gourm    .     (no amulet)
rElec  .         Spirit   .     h - ring of protection from cold
rCorr  .         Warding  .     i - ring of magical power
rMut   .         Stasis   .     (no ring)
MR     .....                    (no ring)
Stlth  +++++.....               (no ring)
                                (no ring)
                                (no ring)
                                (no ring)

@: agile, not resistant to hostile enchantments, quite stealthy
A: almost no armour, amphibious, 8 rings, constrict 8, camouflage 1, gelatinous
body 1
a: no special abilities


You were on level 2 of the Dungeon.
You were very hungry.

You visited 1 branch of the dungeon, and saw 3 of its levels.

You collected 53 gold pieces.

Inventory:

Hand Weapons
 a - a +0 short sword (weapon)
Armour
 m - a +0 shield (worn)
Jewellery
 h - a ring of protection from cold (left tentacle)
 i - a ring of magical power (right tentacle)
Wands
 b - a wand of flame (13)
 c - a wand of enslavement (15)
 d - a wand of random effects (15)
 q - a wand of polymorph (18)
Scrolls
 g - 2 scrolls of remove curse {unknown}
 j - a scroll of enchant weapon {unknown}
 k - a scroll of fog {unknown}
 n - 2 scrolls of identify {unknown}
Potions
 f - a potion of agility
 o - a potion of curing {unknown}
 p - a potion of heal wounds {unknown}
Comestibles
 e - 3 bread rations
 l - a meat ration


   Skills:
 - Level 1.0 Fighting
 - Level 1.0 Short Blades
 - Level 2.0 Dodging
 + Level 3.4 Stealth
 + Level 4.0 Evocations


You had 2 spell levels left.
You didn't know any spells.

Dungeon Overview and Level Annotations

Branches:
Dungeon (3/15)

Altars:
Ru

Annotations:
D:2 Robin


Innate Abilities, Weirdness & Mutations

You cannot wear most types of armour.
You are amphibious.
You can wear up to eight rings at the same time.
You can use your tentacles to constrict eight enemies at once.
Your skin changes colour to match your surroundings (Stealth).
Your rubbery body absorbs attacks (AC +1).


Message History

You constrict the hobgoblin, but do no damage.
You block the hobgoblin's attack.
Your shield prevents you from hitting the hobgoblin.
The hobgoblin is heavily wounded.
You constrict the hobgoblin. The hobgoblin closely misses you.
You hit the hobgoblin.
You kill the hobgoblin!
The kobold throws a stone.
You block the stone. You block the kobold's attack.
You see here a goblin corpse.
Your shield prevents you from hitting the kobold.
Your grab misses the kobold. The kobold hits you with a dagger.
* * * LOW HITPOINT WARNING * * *
You hit the kobold. Your grab misses the kobold.
The kobold is almost dead.
The kobold misses you.
You barely miss the kobold. Your grab misses the kobold.
The kobold is almost dead.
The kobold hits you with a dagger.
You die...

#.#
#.#...≈._.≈...#.#
####.#..≈...≈..#.##
#.[...#..≈≈≈..#.##
#.####.#######.##
#.# ##........# #.#
#.###..#.#
#.#####.# #....#
#.#...#(###...##
#.#.#K@.......#
#.#..>#####...#
##..# #.### ..(..
#.# #......# #.#
#......# #.
#....... ##.....#
###..##


You could see a kobold.

Vanquished Creatures
  2 worms (D:2)
  A ball python (D:1)
  3 bats
  A giant cockroach (D:1)
  6 goblins
  4 hobgoblins
  2 jackals (D:1)
  3 kobolds
  A giant gecko (D:1)
  4 rats
27 creatures vanquished.

Notes
Turn   | Place    | Note
--------------------------------------------------------------
     0 | D:1      | M4edhros the Octopode Artificer began the quest for the Orb.
     0 | D:1      | Reached XP level 1. HP: 13/13 MP: 3/3
   521 | D:1      | Reached XP level 2. HP: 18/18 MP: 4/4
  1219 | D:2      | Noticed Robin
  1252 | D:1      | Reached XP level 3. HP: 8/23 MP: 5/5
  1453 | D:2      | Found a sacrificial altar of Ru.
  1461 | D:2      | Reached skill level 4 in Evocations
  1623 | D:2      | Slain by a kobold

Action                   || total
-------------------------++-------
Melee: Short sword       ||    64
Evoke: Wand              ||     2
  Use: Potion            ||     1
 Stab: Sleeping          ||     5
  Eat: Chunk             ||     1
